Tamiflu vs Demolitions

Created - 17 décembre 2016 at 10:07

Goals
1 2 3 T
Tamiflu 1 1 0 2
Demolitions 3 3 1 7
Shots
1 2 3 T
Tamiflu 13 8 5 26
Demolitions 16 12 14 42

1st period

1. Demolitions , Marek Zagrapan 11 (Nigel Dawes) at 3:04
2. Demolitions , Nigel Dawes 11 (Ryan Vesce, Marek Zagrapan) at 8:53
3. Demolitions , Nikolai Zherdev 13 (David Rundblad, Darren Helm) at 10:44
4. Tamiflu , Petr Pohl 7 (Greg Mauldin, Tye McGinn) at 17:10

Penalties :
Nino Niederreiter (Det) for Interference (Minor) at 11:49

2nd period

5. Demolitions , David Laliberté 3 (Corban Knight, Matt D'Agostini) at 2:24
6. Tamiflu , Jamie Arniel 8 (Nino Niederreiter, Stefan Elliott) at 2:38
7. Demolitions , Darren Helm 4 (Nikolai Zherdev) at 2:53
8. Demolitions , Nikolai Zherdev 14 (Seth Helgeson, Darren Helm) at 8:26

Penalties :
Nino Niederreiter (Det) for Roughing (Minor) at 0:16, Nino Niederreiter (Det) for Interference (Minor) at 4:14, Matt D'Agostini (Vic) for Hooking (Minor) at 13:41

3rd period

9. Demolitions , Bobby Butler 13 (Darren Helm, Nikolai Zherdev) at 18:06

Penalties :
Robert Bortuzzo (Vic) for Fighting (Major) at 1:18, Justin Braun (Det) for Fighting (Major) at 1:18, Philip Samuelsson (Det) for Hooking (Minor) at 8:54, Ryan Vesce (Vic) for Hooking (Minor) at 10:00

Goalie Stats

Joe Fallon (Det), 21 saves from 24 shots - (0,875), 37:36 minutes
Thomas Greiss (Det), 14 saves from 18 shots - (0,778), L, 10-8-2, 22:24 minutes
Joe Cannata (Vic), 24 saves from 26 shots - (0,923), W, 1-0-0, 60:00 minutes

Players Stats for Tamiflu

Player Name              G  A  P  +/- PIM S  H  SB GA TA FO     MP     PP MP  PK MP  
------------------------------------------------------------------------------------
Adam Larsson             0  0  0  -3  0   2  1  2  0  1  0/0    19:05   0:16   3:40 
Casey Wellman            0  0  0  -1  0   0  5  0  0  0  1/2    11:44   0:00   3:36 
Colin Greening           0  0  0  -1  0   0  0  0  0  0  3/5    12:26   0:00   0:51 
Greg Mauldin             0  1  1  -1  0   1  5  1  0  0  4/17   18:12   0:57   2:21 
Jamie Arniel             1  0  1  -2  0   3  5  1  0  0  12/23  18:57   1:43   2:10 
Jan Mursak               0  0  0   0  0   3  0  0  0  0  3/4    14:28   0:00   3:32 
Jordan Hendry            0  0  0  -1  0   0  1  2  0  2  0/0    16:38   1:50   0:00 
Justin Braun             0  0  0  -2  5   0  1  2  0  0  0/0    17:24   0:00   3:23 
Mattias Tedenby          0  0  0  -2  0   1  0  0  1  0  0/0    16:47   1:43   0:00 
Mike Duco                0  0  0   0  0   3  2  0  0  0  0/0    11:21   0:25   0:00 
Nathan Oystrick          0  0  0  -2  0   0  0  0  2  0  0/0    18:52   0:59   3:40 
Nino Niederreiter        0  1  1  -3  6   4  0  0  1  0  2/4    17:21   1:12   0:06 
Petr Pohl                1  0  1  -1  0   3  3  0  1  4  0/0    15:43   0:57   0:00 
Philip Samuelsson        0  0  0  -1  2   1  2  1  0  0  0/0    25:58   1:49   3:20 
Rich Clune               0  0  0  -1  0   1  1  0  1  0  0/0     8:08   0:08   0:00 
Stefan Elliott           0  1  1  -1  0   1  1  1  0  2  0/0    22:00   1:26   0:03 
Tobias Rieder            0  0  0  -1  0   2  0  0  0  1  0/0     9:03   0:52   0:00 
Tye McGinn               0  1  1  -2  0   1  0  1  0  0  0/0    17:52   1:08   1:30 

Players Stats for Demolitions

Player Name              G  A  P  +/- PIM S  H  SB GA TA FO     MP     PP MP  PK MP  
------------------------------------------------------------------------------------
Alex Hutchings           0  0  0   0  0   0  1  0  0  0  1/1     9:10   0:05   1:09 
Andrew Campbell          0  0  0   1  0   0  0  0  1  1  0/0    10:12   0:00   0:00 
Billy Sweat              0  0  0  -1  0   0  1  1  0  0  0/0    10:44   0:00   0:00 
Bobby Butler             1  0  1   4  0   2  2  0  1  0  2/3    21:48   3:17   1:20 
Cameron Schilling        0  0  0   1  0   2  0  2  0  0  0/0    25:03   4:04   1:33 
Corban Knight            0  1  1   1  0   1  1  0  1  0  0/2     8:24   0:10   0:18 
Darren Helm              1  3  4   4  0   5  2  1  1  0  13/24  20:18   2:58   0:36 
David Laliberté          1  0  1   1  0   6  0  1  1  0  0/0     8:16   0:15   0:00 
David Rundblad           0  1  1   2  0   1  1  1  1  1  0/0    20:40   2:59   1:32 
Doug Janik               0  0  0   1  0   2  1  0  0  1  0/0    25:03   4:04   1:33 
Marek Zagrapan           1  1  2   1  0   5  2  1  1  1  7/11   17:08   3:31   0:00 
Matt D'Agostini          0  1  1   0  2   2  0  1  0  0  0/0    11:35   0:34   0:00 
Nick Pryor               0  0  0   1  0   0  0  0  0  0  0/0     4:10   0:00   0:00 
Nicolas Blanchard        0  0  0  -1  0   1  1  1  0  0  4/8    11:39   0:00   0:51 
Nigel Dawes              1  1  2   1  0   5  0  0  0  0  0/0    17:59   3:31   0:36 
Nikolai Zherdev          2  2  4   4  0   5  0  1  2  0  2/4    21:48   3:17   1:20 
Robert Bortuzzo          0  0  0   1  5   0  0  0  0  1  0/0     9:11   0:00   0:00 
Ryan Vesce               0  1  1   1  2   5  1  0  1  0  1/2    17:11   3:30   0:00 
Seth Helgeson            0  1  1   2  0   0  3  1  0  1  0/0    20:35   2:59   1:32 
Taylor Aronson           0  0  0   1  0   0  0  0  0  0  0/0     5:05   0:00   0:00 

3 Stars

1 - Nikolai Zherdev (Vic)
2 - Darren Helm (Vic)
3 - Bobby Butler (Vic)

Power Play

Tamiflu - 0 on 2 Attempt(s) - 0,00%
Demolitions - 0 on 4 Attempt(s) - 0,00%

Penalty Kill

Tamiflu - 4 on 4 Attempt(s) - 100,00% - Score 0 goal in Penalty Kill
Demolitions - 2 on 2 Attempt(s) - 100,00% - Score 0 goal in Penalty Kill

Team Stat

Tamiflu - Hits : 27 - Faceoff Wins : 25 - Blocked Shots : 11 - Penalty Minutes : 13
Demolitions - Hits : 16 - Faceoff Wins : 30 - Blocked Shots : 11 - Penalty Minutes : 9

Official

Referees : L'Ecuyer Frederick and McCreary Bill
Linesman : Don Henderson and Mark Shewchyk

Game Notes

Joe Fallon enters game at 2:24 of 2nd period
Robert Bortuzzo and Justin Braun fight to a draw at 1:18 of 3rd period

Finance

Level 1 -- Attendance: 1439 (71,95%) -- Ticket Income 50 365 $
Level 2 -- Attendance: 725 (72,50%) -- Ticket Income 10 875 $
Total Attendance: 2164 (72,13%)
Total Ticket Income: 61 240 $
Other Income: 3 062 $
Total Income: 64 302 $

Tamiflu

5 vs 5 Forward 
   Center                   Left Wing                Right Wing               Time % Phy DF OF 
 1 Greg Mauldin             Tye McGinn               Petr Pohl                35     1   2  2  
 2 Jamie Arniel             Mattias Tedenby          Nino Niederreiter        35     0   2  3  
 3 Colin Greening           Jan Mursak               Mike Duco                20     1   2  2  
 4 Casey Wellman            Rich Clune               Tobias Rieder            10     1   2  2  

5 vs 5 Defense 
   Defense                  Defense                                           Time % Phy DF OF 
 1 Philip Samuelsson        Stefan Elliott                                    40     1   2  2  
 2 Nathan Oystrick          Jordan Hendry                                     30     1   2  2  
 3 Justin Braun             Adam Larsson                                      20     1   2  2  
 4 Justin Braun             Adam Larsson                                      10     1   3  1  

PowerPlay Forward 
   Center                   Left Wing                Right Wing               Time % Phy DF OF 
 1 Greg Mauldin             Nino Niederreiter        Petr Pohl                60     0   1  4  
 2 Jamie Arniel             Tye McGinn               Mattias Tedenby          40     0   1  4  

PowerPlay Defense
   Defense                  Defense                                           Time % Phy DF OF 
 1 Philip Samuelsson        Jordan Hendry                                     60     0   2  3  
 2 Nathan Oystrick          Stefan Elliott                                    40     0   2  3  

Penalty Kill 4 Players Forward 
   Center                   Wing                     Time % Phy DF OF 
 1 Jan Mursak               Casey Wellman            60     1   3  1  
 2 Jamie Arniel             Nino Niederreiter        40     1   3  1  

Penalty Kill 4 Players Defense
   Defense                  Defense                  Time % Phy DF OF 
 1 Nathan Oystrick          Adam Larsson             50     1   3  1  
 2 Philip Samuelsson        Justin Braun             50     1   3  1  

Penalty Kill - 3 Players Forward 
   Forward                                           Time % Phy DF OF 
 1 Jan Mursak                                        60     1   4  0  
 2 Nino Niederreiter                                 40     1   4  0  

Penalty Kill - 3 Players Defense
   Defense                  Defense                  Time % Phy DF OF 
 1 Nathan Oystrick          Jordan Hendry            60     1   4  0  
 2 Philip Samuelsson        Adam Larsson             40     1   4  0  

4 vs 4 Forward 
   Center                   Wing                     Time % Phy DF OF 
 1 Greg Mauldin             Petr Pohl                50     1   2  2  
 2 Tye McGinn               Nino Niederreiter        50     1   2  2  

4 vs 4 Defense
   Defense                  Defense                  Time % Phy DF OF 
 1 Philip Samuelsson        Jordan Hendry            60     1   2  2  
 2 Nathan Oystrick          Justin Braun             40     1   2  2  

Last Minutes Offensive
   Center                   Left Wing                Right Wing               Defense                  Defense                  
   Greg Mauldin             Nino Niederreiter        Petr Pohl                Philip Samuelsson        Jordan Hendry            

Last Minutes Defensive
   Center                   Left Wing                Right Wing               Defense                  Defense                  
   Jamie Arniel             Jan Mursak               Nino Niederreiter        Philip Samuelsson        Nathan Oystrick          

Goaltenders
Starting : Thomas Greiss            
Backup : Joe Fallon               

Extra Forwards
Normal : Petr Pohl, Nino Niederreiter, Mattias Tedenby - PP : Mattias Tedenby, Tobias Rieder - PK : Greg Mauldin
Extra Defensemen
Normal : Philip Samuelsson, Jordan Hendry, Adam Larsson - PP : Nathan Oystrick - PK : Stefan Elliott, Jordan Hendry
Penalty Shots
Mattias Tedenby, Jamie Arniel, Jan Mursak, Jordan Hendry, Greg Mauldin

Demolitions

5 vs 5 Forward 
   Center                   Left Wing                Right Wing               Time % Phy DF OF 
 1 Darren Helm              Bobby Butler             Nikolai Zherdev          40     1   2  2  
 2 Marek Zagrapan           Nigel Dawes              Ryan Vesce               30     1   2  2  
 3 Nicolas Blanchard        Billy Sweat              Matt D'Agostini          20     1   2  2  
 4 Corban Knight            Alex Hutchings           David Laliberté          10     1   2  2  

5 vs 5 Defense 
   Defense                  Defense                                           Time % Phy DF OF 
 1 Doug Janik               Cameron Schilling                                 40     1   2  2  
 2 Seth Helgeson            David Rundblad                                    30     1   2  2  
 3 Andrew Campbell          Robert Bortuzzo                                   20     1   2  2  
 4 Taylor Aronson           Nick Pryor                                        10     1   2  2  

PowerPlay Forward 
   Center                   Left Wing                Right Wing               Time % Phy DF OF 
 1 Darren Helm              Bobby Butler             Nikolai Zherdev          60     1   2  2  
 2 Marek Zagrapan           Nigel Dawes              Ryan Vesce               40     1   2  2  

PowerPlay Defense
   Defense                  Defense                                           Time % Phy DF OF 
 1 Doug Janik               Cameron Schilling                                 60     1   2  2  
 2 Seth Helgeson            David Rundblad                                    40     1   2  2  

Penalty Kill 4 Players Forward 
   Center                   Wing                     Time % Phy DF OF 
 1 Nikolai Zherdev          Bobby Butler             60     1   2  2  
 2 Nigel Dawes              Darren Helm              40     1   2  2  

Penalty Kill 4 Players Defense
   Defense                  Defense                  Time % Phy DF OF 
 1 Doug Janik               Cameron Schilling        60     1   2  2  
 2 Seth Helgeson            David Rundblad           40     1   2  2  

Penalty Kill - 3 Players Forward 
   Forward                                           Time % Phy DF OF 
 1 Nikolai Zherdev                                   60     1   2  2  
 2 Bobby Butler                                      40     1   2  2  

Penalty Kill - 3 Players Defense
   Defense                  Defense                  Time % Phy DF OF 
 1 Doug Janik               Cameron Schilling        60     1   2  2  
 2 Seth Helgeson            David Rundblad           40     1   2  2  

4 vs 4 Forward 
   Center                   Wing                     Time % Phy DF OF 
 1 Nikolai Zherdev          Bobby Butler             60     1   2  2  
 2 Nigel Dawes              Darren Helm              40     1   2  2  

4 vs 4 Defense
   Defense                  Defense                  Time % Phy DF OF 
 1 Doug Janik               Cameron Schilling        60     1   2  2  
 2 Seth Helgeson            David Rundblad           40     1   2  2  

Last Minutes Offensive
   Center                   Left Wing                Right Wing               Defense                  Defense                  
   Darren Helm              Bobby Butler             Nikolai Zherdev          Doug Janik               Cameron Schilling        

Last Minutes Defensive
   Center                   Left Wing                Right Wing               Defense                  Defense                  
   Darren Helm              Bobby Butler             Nikolai Zherdev          Doug Janik               Cameron Schilling        

Goaltenders
Starting : Joe Cannata              
Backup : Brent Krahn              

Extra Forwards
Normal : Matt D'Agostini, David Laliberté, Nicolas Blanchard - PP : Matt D'Agostini, David Laliberté - PK : Nicolas Blanchard
Extra Defensemen
Normal : Andrew Campbell, Robert Bortuzzo, Taylor Aronson - PP : Andrew Campbell - PK : Robert Bortuzzo, Taylor Aronson
Penalty Shots
Nikolai Zherdev, Bobby Butler, Nigel Dawes, Darren Helm, Ryan Vesce

% Time on Ice - Tamiflu

Lines # - Real PCT - Wanted PCT - Time Play
Normal Forward
1 - 31% - 35% - 14:59
2 - 31% - 35% - 15:04
3 - 22% - 20% - 10:56
4 - 16% - 10% - 8:00
Normal Defense
1 - 38% - 40% - 18:50
2 - 29% - 30% - 14:21
3 - 23% - 20% - 11:11
4 - 9% - 10% - 4:37
PP Forward
1 - 44% - 60% - 1:22
2 - 56% - 40% - 1:43
PP Defense
1 - 68% - 60% - 2:06
2 - 32% - 40% - 0:59
PK Forward
1 - 69% - 60% - 4:53
2 - 31% - 40% - 2:10
PK Defense
1 - 52% - 50% - 3:40
2 - 48% - 50% - 3:23
PK3 Forward
1 - 0% - 60%
2 - 0% - 40%
PK3 Defense
1 - 0% - 60%
2 - 0% - 40%
44 Forward
1 - 64% - 50% - 0:34
2 - 36% - 50% - 0:19
44 Defense
1 - 89% - 60% - 0:47
2 - 11% - 40% - 0:06
Last Minute Offensive  - 0:00
Last Minute Defensive  - 0:00
Total
Forward - 60:00
Defense - 60:00

% Time on Ice - Demolitions

Lines # - Real PCT - Wanted PCT - Time Play
Normal Forward
1 - 34% - 40% - 16:42
2 - 28% - 30% - 13:46
3 - 22% - 20% - 10:44
4 - 16% - 10% - 7:47
Normal Defense
1 - 38% - 40% - 18:43
2 - 32% - 30% - 15:54
3 - 21% - 20% - 10:12
4 - 9% - 10% - 4:10
PP Forward
1 - 49% - 60% - 3:27
2 - 51% - 40% - 3:36
PP Defense
1 - 58% - 60% - 4:04
2 - 42% - 40% - 2:59
PK Forward
1 - 81% - 60% - 2:29
2 - 19% - 40% - 0:36
PK Defense
1 - 50% - 60% - 1:33
2 - 50% - 40% - 1:32
PK3 Forward
1 - 0% - 60%
2 - 0% - 40%
PK3 Defense
1 - 0% - 60%
2 - 0% - 40%
44 Forward
1 - 79% - 60% - 0:42
2 - 21% - 40% - 0:11
44 Defense
1 - 81% - 60% - 0:43
2 - 19% - 40% - 0:10
Last Minute Offensive  - 0:00
Last Minute Defensive  - 0:00
Total
Forward - 60:00
Defense - 60:00

Play by Play

1st period


0:01 of 1st period - Nikolai Zherdev wins face-off versus Greg Mauldin in neutral zone.
0:06 of 1st period - Slapshot by Nikolai Zherdev.
0:06 of 1st period - Deflect By Darren Helm.
0:06 of 1st period - Stopped by Thomas Greiss with a rebound.
0:25 of 1st period - Doug Janik is hit by Philip Samuelsson and loses puck.
1:32 of 1st period - Slapshot by Darren Helm.
1:32 of 1st period - Stopped by Thomas Greiss with a rebound.
2:33 of 1st period - Casey Wellman is hit by Alex Hutchings and loses puck.
2:48 of 1st period - Wrist shot by Nikolai Zherdev.
2:48 of 1st period - Shot Misses the Net.
2:50 of 1st period - Slapshot by Nikolai Zherdev.
2:50 of 1st period - Shot Misses the Net.
2:52 of 1st period - Wrist shot by Robert Bortuzzo.
2:52 of 1st period - Shot Misses the Net.
2:54 of 1st period - Slapshot by Robert Bortuzzo.
2:54 of 1st period - Shot Blocked by Adam Larsson.
3:04 of 1st period - Snap shot by Marek Zagrapan.
3:04 of 1st period - Goal by Marek Zagrapan - Tamiflu : 0 - Demolitions : 1.
3:05 of 1st period - Darren Helm wins face-off versus Nino Niederreiter in neutral zone.
3:38 of 1st period - Off-side.
3:39 of 1st period - Darren Helm wins face-off versus Greg Mauldin in neutral zone.
3:50 of 1st period - Snap shot by Tye McGinn.
3:50 of 1st period - Shot Misses the Net.
4:11 of 1st period - Snap shot by Nigel Dawes.
4:11 of 1st period - Stopped by Thomas Greiss with a rebound.
4:47 of 1st period - Backhand shot by David Laliberté.
4:47 of 1st period - Shot Misses the Net.
5:05 of 1st period - Greg Mauldin is hit by Darren Helm and loses puck.
5:36 of 1st period - Ryan Vesce is hit by Jamie Arniel and loses puck.
5:47 of 1st period - Mike Duco is hit by Billy Sweat and loses puck.
7:03 of 1st period - Slapshot by Petr Pohl.
7:03 of 1st period - Stopped by Joe Cannata with a rebound.
7:05 of 1st period - Slapshot by Stefan Elliott.
7:05 of 1st period - Stopped by Joe Cannata without a rebound.
7:06 of 1st period - Jamie Arniel wins face-off versus Darren Helm in Demolitions zone.
7:16 of 1st period - Off-side.
7:17 of 1st period - Jamie Arniel wins face-off versus Darren Helm in neutral zone.
7:55 of 1st period - Slapshot by Nigel Dawes.
7:55 of 1st period - Stopped by Thomas Greiss with a rebound.
8:05 of 1st period - Matt D'Agostini is hit by Casey Wellman and loses puck.
8:12 of 1st period - Snap shot by Rich Clune.
8:12 of 1st period - Shot Blocked by Nicolas Blanchard.
8:14 of 1st period - Slapshot by Nathan Oystrick.
8:14 of 1st period - Shot Misses the Net.
8:25 of 1st period - Icing by Matt D'Agostini.
8:26 of 1st period - Nicolas Blanchard wins face-off versus Jamie Arniel in Demolitions zone.
8:39 of 1st period - Wrist shot by Nino Niederreiter.
8:39 of 1st period - Stopped by Joe Cannata with a rebound.
8:41 of 1st period - Slapshot by Adam Larsson.
8:41 of 1st period - Stopped by Joe Cannata without a rebound.
8:42 of 1st period - Marek Zagrapan wins face-off versus Greg Mauldin in Demolitions zone.
8:47 of 1st period - Snap shot by Ryan Vesce.
8:47 of 1st period - Stopped by Thomas Greiss without a rebound.
8:48 of 1st period - Marek Zagrapan wins face-off versus Greg Mauldin in Tamiflu zone.
8:53 of 1st period - Snap shot by Nigel Dawes.
8:53 of 1st period - Goal by Nigel Dawes - Tamiflu : 0 - Demolitions : 2.
8:54 of 1st period - Darren Helm wins face-off versus Nino Niederreiter in neutral zone.
8:56 of 1st period - Off-side.
8:57 of 1st period - Darren Helm wins face-off versus Jamie Arniel in neutral zone.
9:12 of 1st period - Wrist shot by Bobby Butler.
9:12 of 1st period - Shot Blocked by Jamie Arniel.
9:22 of 1st period - Snap shot by Nino Niederreiter.
9:22 of 1st period - Stopped by Joe Cannata with a rebound.
10:36 of 1st period - Wrist shot by Ryan Vesce.
10:36 of 1st period - Deflect By Nigel Dawes.
10:36 of 1st period - Shot Misses the Net.
10:36 of 1st period - Puck is out of play.
10:37 of 1st period - Darren Helm wins face-off versus Jamie Arniel in Tamiflu zone.
10:40 of 1st period - Snap shot by Nikolai Zherdev.
10:40 of 1st period - Shot Misses the Net.
10:42 of 1st period - Snap shot by David Rundblad.
10:42 of 1st period - Shot Blocked by Jordan Hendry.
10:44 of 1st period - Wrist shot by Nikolai Zherdev.
10:44 of 1st period - Goal by Nikolai Zherdev - Tamiflu : 0 - Demolitions : 3.
10:45 of 1st period - Bobby Butler wins face-off versus Jamie Arniel in neutral zone.
11:12 of 1st period - Snap shot by Petr Pohl.
11:12 of 1st period - Stopped by Joe Cannata with a rebound.
11:18 of 1st period - Snap shot by Marek Zagrapan.
11:18 of 1st period - Shot Misses the Net.
11:29 of 1st period - Off-side.
11:30 of 1st period - Nicolas Blanchard wins face-off versus Colin Greening in neutral zone.
11:37 of 1st period - Wrist shot by Mike Duco.
11:37 of 1st period - Stopped by Joe Cannata with a rebound.
11:46 of 1st period - Icing by Nicolas Blanchard.
11:47 of 1st period - Jamie Arniel wins face-off versus Nicolas Blanchard in Demolitions zone.
11:49 of 1st period - Minor Penalty to Nino Niederreiter for Interference.
11:50 of 1st period - Jan Mursak wins face-off versus Darren Helm in Tamiflu zone.
12:34 of 1st period - Snap shot by Marek Zagrapan.
12:34 of 1st period - Stopped by Thomas Greiss with a rebound.
13:36 of 1st period - Philip Samuelsson is hit by Ryan Vesce and loses puck.
13:49 of 1st period - Penalty to Nino Niederreiter is over, Nino Niederreiter is back on ice.
14:04 of 1st period - Wrist shot by David Laliberté.
14:04 of 1st period - Stopped by Thomas Greiss with a rebound.
14:06 of 1st period - Snap shot by Corban Knight.
14:06 of 1st period - Shot Blocked by Justin Braun.
14:10 of 1st period - Wrist shot by David Laliberté.
14:10 of 1st period - Stopped by Thomas Greiss with a rebound.
14:12 of 1st period - Wrist shot by Corban Knight.
14:12 of 1st period - Shot Misses the Net.
14:25 of 1st period - Off-side.
14:26 of 1st period - Nicolas Blanchard wins face-off versus Casey Wellman in neutral zone.
14:29 of 1st period - Wrist shot by Nicolas Blanchard.
14:29 of 1st period - Stopped by Thomas Greiss with a rebound.
14:47 of 1st period - Slapshot by Tye McGinn.
14:47 of 1st period - Shot Blocked by Matt D'Agostini.
14:49 of 1st period - Slapshot by Jordan Hendry.
14:49 of 1st period - Shot Misses the Net.
14:53 of 1st period - Snap shot by Greg Mauldin.
14:53 of 1st period - Shot Misses the Net.
15:05 of 1st period - Snap shot by Nigel Dawes.
15:05 of 1st period - Stopped by Thomas Greiss with a rebound.
15:07 of 1st period - Wrist shot by Nigel Dawes.
15:07 of 1st period - Stopped by Thomas Greiss without a rebound.
15:08 of 1st period - Colin Greening wins face-off versus Marek Zagrapan in Tamiflu zone.
15:27 of 1st period - Nigel Dawes is hit by Mike Duco and loses puck.
15:47 of 1st period - Wrist shot by Jamie Arniel.
15:47 of 1st period - Shot Blocked by David Rundblad.
16:09 of 1st period - David Rundblad is hit by Petr Pohl and loses puck.
16:21 of 1st period - Off-side.
16:22 of 1st period - Casey Wellman wins face-off versus Nicolas Blanchard in neutral zone.
16:29 of 1st period - Snap shot by Rich Clune.
16:29 of 1st period - Shot Blocked by Cameron Schilling.
16:49 of 1st period - Adam Larsson is hit by Bobby Butler and loses puck.
17:06 of 1st period - Wrist shot by Greg Mauldin.
17:06 of 1st period - Stopped by Joe Cannata with a rebound.
17:08 of 1st period - Wrist shot by Tye McGinn.
17:08 of 1st period - Shot Blocked by Marek Zagrapan.
17:10 of 1st period - Snap shot by Greg Mauldin.
17:10 of 1st period - Deflect By Petr Pohl.
17:10 of 1st period - Goal by Petr Pohl - Tamiflu : 1 - Demolitions : 3.
17:11 of 1st period - Darren Helm wins face-off versus Jamie Arniel in neutral zone.
17:16 of 1st period - Slapshot by Bobby Butler.
17:16 of 1st period - Stopped by Thomas Greiss without a rebound.
17:17 of 1st period - Darren Helm wins face-off versus Jamie Arniel in Tamiflu zone.
17:28 of 1st period - Darren Helm is hit by Jamie Arniel and loses puck.
17:33 of 1st period - Slapshot by Mattias Tedenby.
17:33 of 1st period - Deflect By Nino Niederreiter.
17:33 of 1st period - Stopped by Joe Cannata with a rebound.
18:07 of 1st period - Wrist shot by Matt D'Agostini.
18:07 of 1st period - Stopped by Thomas Greiss with a rebound.
18:33 of 1st period - Wrist shot by Rich Clune.
18:33 of 1st period - Deflect By Tobias Rieder.
18:33 of 1st period - Stopped by Joe Cannata without a rebound.
18:34 of 1st period - Jamie Arniel wins face-off versus Darren Helm in Demolitions zone.
19:40 of 1st period - Slapshot by Jan Mursak.
19:40 of 1st period - Deflect By Mike Duco.
19:40 of 1st period - Stopped by Joe Cannata without a rebound.
19:41 of 1st period - Alex Hutchings wins face-off versus Colin Greening in Demolitions zone.
19:52 of 1st period - Snap shot by Mike Duco.
19:52 of 1st period - Stopped by Joe Cannata without a rebound.
19:53 of 1st period - Jamie Arniel wins face-off versus Darren Helm in Demolitions zone.
19:54 of 1st period - Wrist shot by Nino Niederreiter.
19:54 of 1st period - Shot Blocked by Nikolai Zherdev.
19:56 of 1st period - Slapshot by Nino Niederreiter.
19:56 of 1st period - Shot Misses the Net.
Goals for this period are 1 for Tamiflu vs 3 for Demolitions.
Shots for this period are 13 for Tamiflu vs 16 for Demolitions.

2nd period


0:01 of 2nd period - Darren Helm wins face-off versus Jamie Arniel in neutral zone.
0:16 of 2nd period - Minor Penalty to Nino Niederreiter for Roughing.
0:17 of 2nd period - Jan Mursak wins face-off versus Darren Helm in Tamiflu zone.
0:29 of 2nd period - Casey Wellman is hit by Bobby Butler.
1:03 of 2nd period - Nikolai Zherdev is hit by Justin Braun and loses puck.
2:16 of 2nd period - Penalty to Nino Niederreiter is over, Nino Niederreiter is back on ice.
2:22 of 2nd period - Snap shot by Corban Knight.
2:22 of 2nd period - Stopped by Thomas Greiss with a rebound.
2:24 of 2nd period - Wrist shot by David Laliberté.
2:24 of 2nd period - Goal by David Laliberté - Tamiflu : 1 - Demolitions : 4.
2:24 of 2nd period - Joe Fallon enters game.
2:25 of 2nd period - Nino Niederreiter wins face-off versus Nicolas Blanchard in neutral zone.
2:38 of 2nd period - Wrist shot by Jamie Arniel.
2:38 of 2nd period - Goal by Jamie Arniel - Tamiflu : 2 - Demolitions : 4.
2:39 of 2nd period - Darren Helm wins face-off versus Greg Mauldin in neutral zone.
2:53 of 2nd period - Wrist shot by Darren Helm.
2:53 of 2nd period - Goal by Darren Helm - Tamiflu : 2 - Demolitions : 5.
2:54 of 2nd period - Jamie Arniel wins face-off versus Bobby Butler in neutral zone.
3:28 of 2nd period - Slapshot by Nikolai Zherdev.
3:28 of 2nd period - Stopped by Joe Fallon with a rebound.
3:58 of 2nd period - Slapshot by Nikolai Zherdev.
3:58 of 2nd period - Shot Hit the Post.
4:00 of 2nd period - Wrist shot by Nikolai Zherdev.
4:00 of 2nd period - Shot Blocked by Greg Mauldin.
4:02 of 2nd period - Wrist shot by Bobby Butler.
4:02 of 2nd period - Shot Blocked by Tye McGinn.
4:04 of 2nd period - Wrist shot by Bobby Butler.
4:04 of 2nd period - Shot Blocked by Jordan Hendry.
4:06 of 2nd period - Slapshot by Cameron Schilling.
4:06 of 2nd period - Stopped by Joe Fallon with a rebound.
4:08 of 2nd period - Wrist shot by Nikolai Zherdev.
4:08 of 2nd period - Shot Misses the Net.
4:10 of 2nd period - Slapshot by Doug Janik.
4:10 of 2nd period - Stopped by Joe Fallon without a rebound.
4:11 of 2nd period - Jamie Arniel wins face-off versus Marek Zagrapan in Tamiflu zone.
4:11 of 2nd period - Jamie Arniel is hit by Marek Zagrapan.
4:14 of 2nd period - Minor Penalty to Nino Niederreiter for Interference.
4:15 of 2nd period - Jan Mursak wins face-off versus Marek Zagrapan in Tamiflu zone.
4:29 of 2nd period - Snap shot by Philip Samuelsson.
4:29 of 2nd period - Stopped by Joe Cannata with a rebound.
4:55 of 2nd period - Snap shot by Greg Mauldin.
4:55 of 2nd period - Shot Misses the Net.
4:57 of 2nd period - Slapshot by Nathan Oystrick.
4:57 of 2nd period - Shot Blocked by Seth Helgeson.
5:25 of 2nd period - Cameron Schilling is hit by Jamie Arniel and loses puck.
6:12 of 2nd period - Justin Braun is hit by Seth Helgeson and loses puck.
6:14 of 2nd period - Penalty to Nino Niederreiter is over, Nino Niederreiter is back on ice.
6:26 of 2nd period - Off-side.
6:27 of 2nd period - Jamie Arniel wins face-off versus Corban Knight in neutral zone.
7:12 of 2nd period - Wrist shot by Corban Knight.
7:12 of 2nd period - Shot Misses the Net.
7:14 of 2nd period - Slapshot by Corban Knight.
7:14 of 2nd period - Shot Misses the Net.
7:16 of 2nd period - Slapshot by David Laliberté.
7:16 of 2nd period - Stopped by Joe Fallon without a rebound.
7:17 of 2nd period - Greg Mauldin wins face-off versus Marek Zagrapan in Tamiflu zone.
8:14 of 2nd period - Snap shot by Bobby Butler.
8:14 of 2nd period - Shot Misses the Net.
8:16 of 2nd period - Slapshot by Darren Helm.
8:16 of 2nd period - Shot Misses the Net.
8:18 of 2nd period - Slapshot by Seth Helgeson.
8:18 of 2nd period - Shot Misses the Net.
8:20 of 2nd period - Snap shot by Nikolai Zherdev.
8:20 of 2nd period - Shot Blocked by Adam Larsson.
8:26 of 2nd period - Slapshot by Nikolai Zherdev.
8:26 of 2nd period - Goal by Nikolai Zherdev - Tamiflu : 2 - Demolitions : 6.
8:27 of 2nd period - Marek Zagrapan wins face-off versus Greg Mauldin in neutral zone.
8:53 of 2nd period - Cameron Schilling is hit by Jamie Arniel and loses puck.
9:02 of 2nd period - Snap shot by Jamie Arniel.
9:02 of 2nd period - Stopped by Joe Cannata with a rebound.
9:22 of 2nd period - Nikolai Zherdev is hit by Adam Larsson.
10:07 of 2nd period - David Rundblad is hit by Greg Mauldin and loses puck.
10:14 of 2nd period - Jordan Hendry is hit by Seth Helgeson and loses puck.
11:18 of 2nd period - Snap shot by Jan Mursak.
11:18 of 2nd period - Stopped by Joe Cannata with a rebound.
11:30 of 2nd period - Bobby Butler is hit by Stefan Elliott.
11:46 of 2nd period - Snap shot by Jan Mursak.
11:46 of 2nd period - Stopped by Joe Cannata without a rebound.
11:47 of 2nd period - Nicolas Blanchard wins face-off versus Jamie Arniel in Demolitions zone.
12:00 of 2nd period - Snap shot by Jamie Arniel.
12:00 of 2nd period - Shot Misses the Net.
12:02 of 2nd period - Slapshot by Nino Niederreiter.
12:02 of 2nd period - Stopped by Joe Cannata with a rebound.
12:12 of 2nd period - Nicolas Blanchard is hit by Casey Wellman and loses puck.
12:17 of 2nd period - Wrist shot by Rich Clune.
12:17 of 2nd period - Shot Misses the Net.
12:19 of 2nd period - Wrist shot by Tobias Rieder.
12:19 of 2nd period - Stopped by Joe Cannata without a rebound.
12:20 of 2nd period - Darren Helm wins face-off versus Greg Mauldin in Demolitions zone.
12:45 of 2nd period - Petr Pohl is hit by Seth Helgeson and loses puck.
13:10 of 2nd period - Seth Helgeson is hit by Petr Pohl and loses puck.
13:25 of 2nd period - Snap shot by Petr Pohl.
13:25 of 2nd period - Shot Misses the Net.
13:29 of 2nd period - Slapshot by Petr Pohl.
13:29 of 2nd period - Shot Blocked by Billy Sweat.
13:37 of 2nd period - Wrist shot by Petr Pohl.
13:37 of 2nd period - Shot Misses the Net.
13:39 of 2nd period - Slapshot by Stefan Elliott.
13:39 of 2nd period - Shot Misses the Net.
13:41 of 2nd period - Minor Penalty to Matt D'Agostini for Hooking.
13:42 of 2nd period - Jamie Arniel wins face-off versus Nikolai Zherdev in Demolitions zone.
13:49 of 2nd period - Wrist shot by Jamie Arniel.
13:49 of 2nd period - Stopped by Joe Cannata without a rebound.
13:50 of 2nd period - Jamie Arniel wins face-off versus Nikolai Zherdev in Demolitions zone.
14:53 of 2nd period - David Rundblad is hit by Jordan Hendry and loses puck.
15:41 of 2nd period - Penalty to Matt D'Agostini is over, Matt D'Agostini is back on ice.
16:47 of 2nd period - Rich Clune is hit by Darren Helm and loses puck.
17:54 of 2nd period - Nikolai Zherdev is hit by Rich Clune and loses puck.
18:11 of 2nd period - Wrist shot by Nigel Dawes.
18:11 of 2nd period - Deflect By Marek Zagrapan.
18:11 of 2nd period - Stopped by Joe Fallon with a rebound.
18:13 of 2nd period - Snap shot by Marek Zagrapan.
18:13 of 2nd period - Stopped by Joe Fallon with a rebound.
18:15 of 2nd period - Snap shot by Ryan Vesce.
18:15 of 2nd period - Stopped by Joe Fallon with a rebound.
18:27 of 2nd period - Wrist shot by David Laliberté.
18:27 of 2nd period - Stopped by Joe Fallon without a rebound.
18:28 of 2nd period - Nino Niederreiter wins face-off versus Corban Knight in Tamiflu zone.
18:53 of 2nd period - Snap shot by Ryan Vesce.
18:53 of 2nd period - Shot Misses the Net.
18:55 of 2nd period - Slapshot by Robert Bortuzzo.
18:55 of 2nd period - Deflect By Marek Zagrapan.
18:55 of 2nd period - Shot Misses the Net.
18:55 of 2nd period - Puck is out of play.
18:56 of 2nd period - Ryan Vesce wins face-off versus Greg Mauldin in Tamiflu zone.
19:21 of 2nd period - Mike Duco is hit by Doug Janik and loses puck.
19:52 of 2nd period - Snap shot by Matt D'Agostini.
19:52 of 2nd period - Shot Misses the Net.
Goals for this period are 1 for Tamiflu vs 3 for Demolitions.
Shots for this period are 8 for Tamiflu vs 12 for Demolitions.

3rd period


0:01 of 3rd period - Darren Helm wins face-off versus Jamie Arniel in neutral zone.
0:26 of 3rd period - Backhand shot by Nicolas Blanchard.
0:26 of 3rd period - Shot Misses the Net.
0:28 of 3rd period - Slapshot by David Rundblad.
0:28 of 3rd period - Shot Blocked by Philip Samuelsson.
0:49 of 3rd period - Philip Samuelsson is hit by Corban Knight.
0:53 of 3rd period - Snap shot by David Laliberté.
0:53 of 3rd period - Stopped by Joe Fallon with a rebound.
0:55 of 3rd period - Slapshot by David Rundblad.
0:55 of 3rd period - Stopped by Joe Fallon with a rebound.
1:13 of 3rd period - Snap shot by Petr Pohl.
1:13 of 3rd period - Deflect By Ryan Vesce.
1:13 of 3rd period - Shot Misses the Net.
1:13 of 3rd period - Puck is out of play.
1:14 of 3rd period - Marek Zagrapan wins face-off versus Greg Mauldin in Demolitions zone.
1:18 of 3rd period - Robert Bortuzzo and Justin Braun fight to a draw.
1:18 of 3rd period - Penalty to Robert Bortuzzo for Fighting.
1:18 of 3rd period - Penalty to Justin Braun for Fighting.
1:19 of 3rd period - Greg Mauldin wins face-off versus Darren Helm in Demolitions zone.
1:20 of 3rd period - Wrist shot by Tye McGinn.
1:20 of 3rd period - Stopped by Joe Cannata without a rebound.
1:21 of 3rd period - Bobby Butler wins face-off versus Greg Mauldin in Demolitions zone.
1:21 of 3rd period - Bobby Butler is hit by Petr Pohl.
1:33 of 3rd period - Snap shot by Nikolai Zherdev.
1:33 of 3rd period - Stopped by Joe Fallon without a rebound.
1:34 of 3rd period - Jamie Arniel wins face-off versus Darren Helm in Tamiflu zone.
1:45 of 3rd period - Slapshot by Mattias Tedenby.
1:45 of 3rd period - Stopped by Joe Cannata with a rebound.
1:47 of 3rd period - Slapshot by Philip Samuelsson.
1:47 of 3rd period - Shot Blocked by Darren Helm.
1:49 of 3rd period - Snap shot by Philip Samuelsson.
1:49 of 3rd period - Shot Misses the Net.
2:03 of 3rd period - Off-side.
2:04 of 3rd period - Marek Zagrapan wins face-off versus Greg Mauldin in neutral zone.
2:28 of 3rd period - Nino Niederreiter is hit by Marek Zagrapan and loses puck.
2:37 of 3rd period - Slapshot by Marek Zagrapan.
2:37 of 3rd period - Shot Misses the Net.
3:13 of 3rd period - Billy Sweat is hit by Casey Wellman and loses puck.
3:20 of 3rd period - Slapshot by Rich Clune.
3:20 of 3rd period - Shot Blocked by Cameron Schilling.
3:22 of 3rd period - Snap shot by Rich Clune.
3:22 of 3rd period - Stopped by Joe Cannata with a rebound.
3:40 of 3rd period - Wrist shot by Greg Mauldin.
3:40 of 3rd period - Shot Blocked by David Laliberté.
3:42 of 3rd period - Slapshot by Adam Larsson.
3:42 of 3rd period - Stopped by Joe Cannata with a rebound.
5:04 of 3rd period - Petr Pohl is hit by David Rundblad and loses puck.
5:43 of 3rd period - Darren Helm is hit by Mike Duco and loses puck.
6:09 of 3rd period - Wrist shot by Darren Helm.
6:09 of 3rd period - Stopped by Joe Fallon with a rebound.
6:32 of 3rd period - Snap shot by Nikolai Zherdev.
6:32 of 3rd period - Stopped by Joe Fallon with a rebound.
6:52 of 3rd period - Wrist shot by Nikolai Zherdev.
6:52 of 3rd period - Shot Blocked by Stefan Elliott.
6:54 of 3rd period - Backhand shot by Cameron Schilling.
6:54 of 3rd period - Deflect By Darren Helm.
6:54 of 3rd period - Stopped by Joe Fallon with a rebound.
6:56 of 3rd period - Wrist shot by Doug Janik.
6:56 of 3rd period - Stopped by Joe Fallon with a rebound.
6:58 of 3rd period - Wrist shot by Bobby Butler.
6:58 of 3rd period - Shot Blocked by Justin Braun.
7:11 of 3rd period - Off-side.
7:12 of 3rd period - Marek Zagrapan wins face-off versus Jamie Arniel in neutral zone.
7:21 of 3rd period - Snap shot by Ryan Vesce.
7:21 of 3rd period - Stopped by Joe Fallon without a rebound.
7:22 of 3rd period - Marek Zagrapan wins face-off versus Jamie Arniel in Tamiflu zone.
7:35 of 3rd period - Snap shot by Marek Zagrapan.
7:35 of 3rd period - Shot Misses the Net.
7:37 of 3rd period - Snap shot by Marek Zagrapan.
7:37 of 3rd period - Stopped by Joe Fallon without a rebound.
7:38 of 3rd period - Colin Greening wins face-off versus Nicolas Blanchard in Tamiflu zone.
8:03 of 3rd period - Matt D'Agostini is hit by Casey Wellman and loses puck.
8:12 of 3rd period - Backhand shot by Matt D'Agostini.
8:12 of 3rd period - Stopped by Joe Fallon without a rebound.
8:13 of 3rd period - Jamie Arniel wins face-off versus Ryan Vesce in Tamiflu zone.
8:30 of 3rd period - Marek Zagrapan is hit by Jamie Arniel and loses puck.
8:54 of 3rd period - Minor Penalty to Philip Samuelsson for Hooking.
8:55 of 3rd period - Darren Helm wins face-off versus Jan Mursak in Tamiflu zone.
9:52 of 3rd period - Snap shot by Greg Mauldin.
9:52 of 3rd period - Shot Misses the Net.
10:00 of 3rd period - Minor Penalty to Ryan Vesce for Hooking.
10:01 of 3rd period - Nikolai Zherdev wins face-off versus Greg Mauldin in Demolitions zone.
10:01 of 3rd period - Nikolai Zherdev is hit by Greg Mauldin.
10:54 of 3rd period - Penalty to Philip Samuelsson is over, Philip Samuelsson is back on ice.
12:00 of 3rd period - Penalty to Ryan Vesce is over, Ryan Vesce is back on ice.
12:27 of 3rd period - Philip Samuelsson is hit by Nicolas Blanchard.
13:01 of 3rd period - Nikolai Zherdev is hit by Casey Wellman and loses puck.
13:14 of 3rd period - Ryan Vesce is hit by Philip Samuelsson and loses puck.
14:22 of 3rd period - Seth Helgeson is hit by Greg Mauldin and loses puck.
15:24 of 3rd period - Corban Knight is hit by Greg Mauldin and loses puck.
16:41 of 3rd period - Snap shot by Ryan Vesce.
16:41 of 3rd period - Stopped by Joe Fallon with a rebound.
16:43 of 3rd period - Snap shot by Nigel Dawes.
16:43 of 3rd period - Shot Misses the Net.
16:45 of 3rd period - Slapshot by Cameron Schilling.
16:45 of 3rd period - Stopped by Joe Fallon with a rebound.
16:54 of 3rd period - Off-side.
16:55 of 3rd period - Colin Greening wins face-off versus Darren Helm in neutral zone.
17:20 of 3rd period - Seth Helgeson is hit by Greg Mauldin and loses puck.
18:06 of 3rd period - Wrist shot by Bobby Butler.
18:06 of 3rd period - Goal by Bobby Butler - Tamiflu : 2 - Demolitions : 7.
18:07 of 3rd period - Greg Mauldin wins face-off versus Darren Helm in neutral zone.
18:58 of 3rd period - Wrist shot by Rich Clune.
18:58 of 3rd period - Shot Hit the Post.
19:22 of 3rd period - Slapshot by Ryan Vesce.
19:22 of 3rd period - Stopped by Joe Fallon with a rebound.
19:44 of 3rd period - Snap shot by Jan Mursak.
19:44 of 3rd period - Stopped by Joe Cannata without a rebound.
19:45 of 3rd period - Darren Helm wins face-off versus Greg Mauldin in Demolitions zone.
19:55 of 3rd period - Off-side.
19:56 of 3rd period - Greg Mauldin wins face-off versus Darren Helm in neutral zone.
Goals for this period are 0 for Tamiflu vs 1 for Demolitions.
Shots for this period are 5 for Tamiflu vs 14 for Demolitions.